Knights vs Griffins
Created - March 4, 2018 at 21:36
Goals
|
Knights |
0 |
2 |
0 |
2 |
Griffins |
3 |
5 |
1 |
9 |
|
Shots
|
Knights |
4 |
19 |
7 |
30 |
Griffins |
13 |
11 |
8 |
32 |
|
1st period
1. Griffins , Jamie Arniel 33 (J.T. Brown 19, Devin Shore 12) at 7:13
2. Griffins , Jamie Arniel 34 (Petter Granberg 12, Pontus Aberg 12) at 8:40
3. Griffins , Jamie Arniel 35 (Petr Pohl 55) at 18:40
Penalties :
Kevin Hayes (Lon) for Hooking (Minor) at 9:21, Jimmy Hayes (Lon) for Tripping (Minor) at 19:58
2nd period
4. Griffins , Lukas Krajicek 1 (Ben Hanowski 12, Tye McGinn 31) at 0:36 (PP)
5. Griffins , Petr Pohl 39 (Ben Hanowski 13, Lukas Krajicek 3) at 3:44 (PP)
6. Griffins , Greg Mauldin 17 (Robert Dome 21, Lukas Krajicek 4) at 5:46
7. Griffins , Petr Pohl 40 (Lukas Krajicek 5) at 11:26 (SH)
8. Griffins , Tye McGinn 19 (J.T. Brown 20, Devin Shore 13) at 15:48
9. Knights , Kevin Hayes 14 (Jared Spurgeon 25, Tomas Kundratek 14) at 19:13 (PP)
10. Knights , Jimmy Hayes 34 (Michael Raffl 42) at 19:27
Penalties :
Jamie Arniel (Cap) for Fighting (Major) at 1:40, Jimmy Hayes (Lon) for Fighting (Major) at 1:40, Tom Wilson (Lon) for Goalie Interference (Minor) at 3:03, Tomas Kundratek (Lon) for Tripping (Minor) at 7:15, Simon Despres (Cap) for Tripping (Minor) at 11:13, Pontus Aberg (Cap) for Tripping (Minor) at 18:36
3rd period
11. Griffins , Ben Hanowski 13 (Robert Dome 22, Petr Pohl 56) at 13:15
Penalties :
Tye McGinn (Cap) for Fighting (Major) at 3:52, Stefan Matteau (Lon) for Fighting (Major) at 3:52, Stefan Matteau (Lon) for instigated a fight (Minor) at 3:52, Stefan Matteau (Lon) for instigated a fight (10 Minutes Misconduct) at 3:52, Robert Dome (Cap) for Hooking (Minor) at 7:19, Vladislav Namestnikov (Cap) for Tripping (Minor) at 17:06
Goalie Stats
Ben Scrivens (Lon), 18 saves from 23 shots - (0.783), L, 16-20-4, 44:48 minutes
Magnus Hellberg (Lon), 5 saves from 9 shots - (0.556), 15:12 minutes
Jason Missiaen (Cap), 28 saves from 30 shots - (0.933), W, 25-10-5, 60:00 minutes
Players Stats for Knights
Player Name G A P +/- PIM S H SB GA TA FO MP PP MP PK MP
------------------------------------------------------------------------------------
Brendan Gaunce 0 0 0 -2 0 3 0 0 0 0 0/2 6:58 0:00 0:00
Cody Bass 0 0 0 0 0 5 2 0 0 0 17/37 20:16 3:49 1:56
Collin Miller 0 0 0 -1 0 0 0 0 0 0 0/0 7:26 2:31 0:59
Jaccob Slavin 0 0 0 -2 0 2 0 0 1 0 0/0 15:18 2:31 0:00
Jacob Trouba 0 0 0 -2 0 1 0 3 0 2 0/0 16:48 0:00 2:47
Jared Spurgeon 0 1 1 -2 0 2 1 3 0 0 0/0 27:48 4:03 4:24
Jimmy Hayes 1 0 1 0 7 3 2 0 1 0 2/3 18:50 3:49 2:51
Jordan Martinook 0 0 0 -1 0 1 0 1 0 1 0/0 11:32 0:00 0:00
Kevin Hayes 1 0 1 -3 2 2 2 0 2 0 0/0 17:01 2:42 1:16
Linden Vey 0 0 0 -1 0 2 3 0 0 1 0/0 12:04 0:03 0:00
Matt Puempel 0 0 0 -2 0 0 0 0 0 0 0/0 10:14 0:03 2:55
Michael Matheson 0 0 0 -1 0 0 0 1 0 0 0/0 9:15 0:00 0:22
Michael Raffl 0 1 1 0 0 1 2 0 1 0 7/10 22:26 3:49 4:06
Noel Acciari 0 0 0 -3 0 2 0 1 0 0 3/7 16:28 2:42 0:29
Scott Wilson 0 0 0 -3 0 1 3 0 0 0 0/0 16:42 2:42 0:59
Stefan Matteau 0 0 0 -1 17 1 0 0 0 0 3/5 7:53 0:00 0:00
Tom Wilson 0 0 0 -2 2 0 1 0 0 0 1/5 12:14 0:03 0:00
Tomas Kundratek 0 1 1 -2 2 2 1 1 1 1 0/0 26:55 4:03 3:31
Zach Trotman 0 0 0 -2 0 2 1 0 0 1 0/0 16:30 0:00 2:29
Players Stats for Griffins
Player Name G A P +/- PIM S H SB GA TA FO MP PP MP PK MP
------------------------------------------------------------------------------------
Ben Hanowski 1 2 3 2 0 4 1 0 0 0 0/0 13:35 3:07 0:00
Devin Shore 0 2 2 1 0 0 2 0 0 0 10/17 17:05 3:07 1:17
Gord Baldwin 0 0 0 1 0 0 0 3 0 0 0/0 19:53 2:24 4:06
Greg Mauldin 1 0 1 2 0 3 0 0 0 0 5/6 10:39 0:00 0:07
J.T. Brown 0 2 2 1 0 2 0 0 0 0 2/2 11:22 0:00 1:06
Jamie Arniel 3 0 3 3 5 5 1 0 0 0 17/37 21:06 3:45 4:04
Lucas Lessio 0 0 0 0 0 0 1 0 0 0 0/0 10:46 0:07 0:33
Lukas Krajicek 1 3 4 3 0 3 2 1 0 2 0/0 26:41 4:52 4:06
Mike Duco 0 0 0 0 0 1 0 0 0 0 0/0 10:45 0:00 1:06
Nathan Oystrick 0 0 0 3 0 0 0 1 1 1 0/0 16:05 0:00 1:45
Oscar Klefbom 0 0 0 2 0 1 0 2 1 0 0/0 24:02 4:52 0:43
Petr Pohl 2 2 4 3 0 7 3 1 1 2 0/2 23:52 4:09 4:04
Petter Granberg 0 1 1 3 0 1 0 0 1 0 0/0 15:13 0:00 0:51
Pontus Aberg 0 1 1 2 2 1 0 1 0 1 2/3 16:42 0:54 0:06
Robert Dome 0 2 2 2 2 1 1 0 1 0 0/0 14:47 4:09 0:00
Simon Despres 0 0 0 0 2 0 3 2 0 0 0/0 18:10 2:24 1:37
Tye McGinn 1 1 2 1 5 2 1 0 1 0 0/0 12:54 2:30 0:48
Vladislav Namestnikov 0 0 0 0 2 1 0 0 0 0 0/2 9:46 0:00 0:00
3 Stars
1 - Petr Pohl (Cap)
2 - Lukas Krajicek (Cap)
3 - Jamie Arniel (Cap)
Power Play
Knights - 1 on 4 Attempt(s) - 25.00%
Griffins - 2 on 5 Attempt(s) - 40.00%
Penalty Kill
Knights - 3 on 5 Attempt(s) - 60.00%
- Score 0 goal in Penalty Kill
Griffins - 3 on 4 Attempt(s) - 75.00%
- Score 1 goal in Penalty Kill
Team Stat
Knights - Hits : 18 - Faceoff Wins : 33 - Blocked Shots : 10 - Penalty Minutes : 30
Griffins - Hits : 15 - Faceoff Wins : 36 - Blocked Shots : 11 - Penalty Minutes : 18
Official
Referees : Kowal Tom and Marouelli Dan
Linesman : Lonnie Cameron and Greg Devorski
Game Notes
Jamie Arniel has scored a Hat Trick!
Magnus Hellberg enters game at 0:36 of 2nd period
Jimmy Hayes beats up Jamie Arniel at 1:40 of 2nd period
Ben Scrivens enters game at 15:48 of 2nd period
Stefan Matteau beats up Tye McGinn at 3:52 of 3rd period
Finance
Level 1 -- Attendance: 1344 (67.20%) -- Ticket Income $47,040
Level 2 -- Attendance: 753 (75.30%) -- Ticket Income $15,060
Total Attendance: 2097 (69.90%)
Total Ticket Income: $62,100
Other Income: $3,105
Total Income: $65,205
Knights
5 vs 5 Forward
Center Left Wing Right Wing Time % Phy DF OF
1 Cody Bass Michael Raffl Jimmy Hayes 40 1 2 2
2 Noel Acciari Scott Wilson Kevin Hayes 30 1 2 2
3 Stefan Matteau Jordan Martinook Linden Vey 20 1 2 2
4 Brendan Gaunce Matt Puempel Tom Wilson 10 1 2 2
5 vs 5 Defense
Defense Defense Time % Phy DF OF
1 Jared Spurgeon Tomas Kundratek 40 1 2 2
2 Zach Trotman Jacob Trouba 32 1 2 2
3 Jaccob Slavin Michael Matheson 20 1 2 2
4 Jaccob Slavin Collin Miller 8 1 2 2
PowerPlay Forward
Center Left Wing Right Wing Time % Phy DF OF
1 Cody Bass Michael Raffl Jimmy Hayes 60 1 2 2
2 Noel Acciari Scott Wilson Kevin Hayes 40 1 2 2
PowerPlay Defense
Defense Defense Time % Phy DF OF
1 Jared Spurgeon Tomas Kundratek 60 1 2 2
2 Collin Miller Jaccob Slavin 40 1 2 2
Penalty Kill 4 Players Forward
Center Wing Time % Phy DF OF
1 Michael Raffl Jimmy Hayes 60 1 2 2
2 Cody Bass Kevin Hayes 40 1 2 2
Penalty Kill 4 Players Defense
Defense Defense Time % Phy DF OF
1 Jared Spurgeon Tomas Kundratek 60 1 2 2
2 Zach Trotman Jacob Trouba 40 1 2 2
Penalty Kill - 3 Players Forward
Forward Time % Phy DF OF
1 Michael Raffl 60 1 2 2
2 Jimmy Hayes 40 1 2 2
Penalty Kill - 3 Players Defense
Defense Defense Time % Phy DF OF
1 Jared Spurgeon Zach Trotman 60 1 2 2
2 Jacob Trouba Tomas Kundratek 40 1 2 2
4 vs 4 Forward
Center Wing Time % Phy DF OF
1 Michael Raffl Jimmy Hayes 60 1 2 2
2 Cody Bass Kevin Hayes 40 1 2 2
4 vs 4 Defense
Defense Defense Time % Phy DF OF
1 Jared Spurgeon Tomas Kundratek 60 1 2 2
2 Jacob Trouba Zach Trotman 40 1 2 2
Last Minutes Offensive
Center Left Wing Right Wing Defense Defense
Cody Bass Michael Raffl Jimmy Hayes Jared Spurgeon Tomas Kundratek
Last Minutes Defensive
Center Left Wing Right Wing Defense Defense
Cody Bass Michael Raffl Jimmy Hayes Jared Spurgeon Tomas Kundratek
Goaltenders
Starting : Ben Scrivens
Backup : Magnus Hellberg
Extra Forwards
Normal : Tom Wilson, Jimmy Hayes, Matt Puempel - PP : Tom Wilson, Michael Raffl - PK : Matt Puempel
Extra Defensemen
Normal : Jared Spurgeon, Zach Trotman, Jacob Trouba - PP : Jared Spurgeon - PK : Tomas Kundratek, Jacob Trouba
Penalty Shots
Michael Raffl, Jimmy Hayes, Cody Bass, Kevin Hayes, Linden Vey
Scratches
Alan Quine (Healthy), Jordan Weal (Healthy), David Shields (Healthy), Matthew Benning (Healthy), Matt Grzelcyk (Healthy)
Brett Connolly (Healthy), Travis Boyd (Healthy), Scott Jackson (Healthy), Nikita Nikitin (Healthy), A.J. Jenks (Healthy)
Connor Knapp (Healthy)
Griffins
5 vs 5 Forward
Center Left Wing Right Wing Time % Phy DF OF
1 Jamie Arniel Pontus Aberg Petr Pohl 40 0 2 3
2 Devin Shore Tye McGinn J.T. Brown 25 0 2 3
3 Greg Mauldin Robert Dome Ben Hanowski 25 0 2 3
4 Vladislav Namestnikov Lucas Lessio Mike Duco 10 0 2 3
5 vs 5 Defense
Defense Defense Time % Phy DF OF
1 Lukas Krajicek Oscar Klefbom 40 1 2 2
2 Gord Baldwin Simon Despres 30 1 2 2
3 Nathan Oystrick Petter Granberg 20 1 2 2
4 Nathan Oystrick Petter Granberg 10 1 2 2
PowerPlay Forward
Center Left Wing Right Wing Time % Phy DF OF
1 Jamie Arniel Robert Dome Petr Pohl 60 0 1 4
2 Devin Shore Tye McGinn Ben Hanowski 40 0 1 4
PowerPlay Defense
Defense Defense Time % Phy DF OF
1 Oscar Klefbom Lukas Krajicek 60 0 1 4
2 Gord Baldwin Simon Despres 40 0 1 4
Penalty Kill 4 Players Forward
Center Wing Time % Phy DF OF
1 Jamie Arniel Petr Pohl 60 1 2 2
2 J.T. Brown Mike Duco 40 1 2 2
Penalty Kill 4 Players Defense
Defense Defense Time % Phy DF OF
1 Gord Baldwin Lukas Krajicek 60 1 2 2
2 Simon Despres Nathan Oystrick 40 1 2 2
Penalty Kill - 3 Players Forward
Forward Time % Phy DF OF
1 Jamie Arniel 60 1 2 2
2 Mike Duco 40 1 2 2
Penalty Kill - 3 Players Defense
Defense Defense Time % Phy DF OF
1 Gord Baldwin Lukas Krajicek 60 1 2 2
2 Simon Despres Nathan Oystrick 40 1 2 2
4 vs 4 Forward
Center Wing Time % Phy DF OF
1 Jamie Arniel Petr Pohl 60 1 2 2
2 Devin Shore Tye McGinn 40 1 2 2
4 vs 4 Defense
Defense Defense Time % Phy DF OF
1 Nathan Oystrick Gord Baldwin 60 1 2 2
2 Lukas Krajicek Simon Despres 40 1 2 2
Last Minutes Offensive
Center Left Wing Right Wing Defense Defense
Jamie Arniel Tye McGinn Petr Pohl Lukas Krajicek Oscar Klefbom
Last Minutes Defensive
Center Left Wing Right Wing Defense Defense
Jamie Arniel Petr Pohl Mike Duco Gord Baldwin Nathan Oystrick
Goaltenders
Starting : Jason Missiaen
Backup : Malcolm Subban
Extra Forwards
Normal : Jamie Arniel, Devin Shore, Robert Dome - PP : Pontus Aberg, Ben Hanowski - PK : Petr Pohl
Extra Defensemen
Normal : Oscar Klefbom, Simon Despres, Petter Granberg - PP : Petter Granberg - PK : Simon Despres, Petter Granberg
Penalty Shots
Jamie Arniel, Ben Hanowski, Devin Shore, Robert Dome, Greg Mauldin
Scratches
Garrett Wilson (Healthy), Tanner Kero (Healthy), Greg McKegg (Healthy), Kyle Lawson (Healthy), Brett Bulmer (Healthy)
Stuart Percy (Healthy), Rich Clune (Healthy), Jerome Gauthier-Leduc (Healthy), Konrad Abeltshauser (Healthy), Tomas Hyka (Healthy)
Brian Hart (Healthy), Casey Wellman (Healthy), Jan Mursak (Sports Hernia Injury), Justin Braun (Strained Right Elbow Injury), Thomas Greiss (Healthy)
% Time on Ice - Knights
Lines # - Real PCT - Wanted PCT - Time Play
Normal Forward
1 - 33% - 40% - 15:10
2 - 28% - 30% - 12:51
3 - 25% - 20% - 11:32
4 - 14% - 10% - 6:37
Normal Defense
1 - 42% - 40% - 19:22
2 - 32% - 32% - 14:57
3 - 19% - 20% - 8:52
4 - 6% - 8% - 2:59
PP Forward
1 - 59% - 60% - 3:52
2 - 41% - 40% - 2:42
PP Defense
1 - 62% - 60% - 4:03
2 - 38% - 40% - 2:31
PK Forward
1 - 73% - 60% - 5:20
2 - 27% - 40% - 1:56
PK Defense
1 - 66% - 60% - 4:47
2 - 34% - 40% - 2:29
PK3 Forward
1 - 0% - 60%
2 - 0% - 40%
PK3 Defense
1 - 0% - 60%
2 - 0% - 40%
44 Forward
1 - 0% - 60%
2 - 0% - 40%
44 Defense
1 - 0% - 60%
2 - 0% - 40%
Last Minute Offensive - 0:00
Last Minute Defensive - 0:00
Total
Forward - 60:00
Defense - 60:00
|
% Time on Ice - Griffins
Lines # - Real PCT - Wanted PCT - Time Play
Normal Forward
1 - 34% - 40% - 15:47
2 - 22% - 25% - 10:20
3 - 23% - 25% - 10:24
4 - 21% - 10% - 9:39
Normal Defense
1 - 39% - 40% - 18:06
2 - 30% - 30% - 13:47
3 - 19% - 20% - 8:47
4 - 12% - 10% - 5:30
PP Forward
1 - 57% - 60% - 4:09
2 - 43% - 40% - 3:07
PP Defense
1 - 67% - 60% - 4:52
2 - 33% - 40% - 2:24
PK Forward
1 - 83% - 60% - 5:28
2 - 17% - 40% - 1:06
PK Defense
1 - 64% - 60% - 4:13
2 - 36% - 40% - 2:21
PK3 Forward
1 - 0% - 60%
2 - 0% - 40%
PK3 Defense
1 - 0% - 60%
2 - 0% - 40%
44 Forward
1 - 0% - 60%
2 - 0% - 40%
44 Defense
1 - 0% - 60%
2 - 0% - 40%
Last Minute Offensive - 0:00
Last Minute Defensive - 0:00
Total
Forward - 60:00
Defense - 60:00
|
Play by Play
1st period
0:01 of 1st period - Cody Bass wins face-off versus Jamie Arniel in neutral zone.
0:56 of 1st period - Icing by Simon Despres.
0:57 of 1st period - Greg Mauldin wins face-off versus Tom Wilson in Griffins zone.
0:57 of 1st period - Greg Mauldin is hit by Zach Trotman.
1:16 of 1st period - Off-side.
1:17 of 1st period - Jamie Arniel wins face-off versus Cody Bass in neutral zone.
1:32 of 1st period - Cody Bass is hit by Petr Pohl and loses puck.
1:43 of 1st period - Nathan Oystrick is hit by Linden Vey and loses puck.
2:02 of 1st period - Wrist shot by Ben Hanowski.
2:02 of 1st period - Stopped by Ben Scrivens with a rebound.
2:04 of 1st period - Slapshot by Oscar Klefbom.
2:04 of 1st period - Shot Misses the Net.
2:06 of 1st period - Slapshot by Oscar Klefbom.
2:06 of 1st period - Stopped by Ben Scrivens with a rebound.
2:08 of 1st period - Slapshot by Lukas Krajicek.
2:08 of 1st period - Stopped by Ben Scrivens with a rebound.
2:10 of 1st period - Snap shot by Lukas Krajicek.
2:10 of 1st period - Deflect By Greg Mauldin.
2:10 of 1st period - Stopped by Ben Scrivens with a rebound.
2:12 of 1st period - Slapshot by Oscar Klefbom.
2:12 of 1st period - Shot Blocked by Jacob Trouba.
2:14 of 1st period - Slapshot by Greg Mauldin.
2:14 of 1st period - Stopped by Ben Scrivens without a rebound.
2:15 of 1st period - Cody Bass wins face-off versus Jamie Arniel in Knights zone.
2:30 of 1st period - Snap shot by Cody Bass.
2:30 of 1st period - Shot Misses the Net.
2:40 of 1st period - Jaccob Slavin is hit by Devin Shore and loses puck.
2:48 of 1st period - Off-side.
2:49 of 1st period - Stefan Matteau wins face-off versus Devin Shore in neutral zone.
2:56 of 1st period - Snap shot by Linden Vey.
2:56 of 1st period - Stopped by Jason Missiaen with a rebound.
3:14 of 1st period - Jamie Arniel is hit by Cody Bass and loses puck.
3:21 of 1st period - Slapshot by Cody Bass.
3:21 of 1st period - Shot Misses the Net.
3:23 of 1st period - Snap shot by Zach Trotman.
3:23 of 1st period - Shot Misses the Net.
3:25 of 1st period - Slapshot by Cody Bass.
3:25 of 1st period - Shot Misses the Net.
3:27 of 1st period - Wrist shot by Cody Bass.
3:27 of 1st period - Shot Misses the Net.
3:45 of 1st period - Snap shot by Greg Mauldin.
3:45 of 1st period - Shot Blocked by Noel Acciari.
3:47 of 1st period - Wrist shot by Petter Granberg.
3:47 of 1st period - Shot Misses the Net.
3:49 of 1st period - Wrist shot by Ben Hanowski.
3:49 of 1st period - Shot Misses the Net.
4:05 of 1st period - Snap shot by Oscar Klefbom.
4:05 of 1st period - Shot Blocked by Jacob Trouba.
4:37 of 1st period - Off-side.
4:38 of 1st period - Pontus Aberg wins face-off versus Cody Bass in neutral zone.
4:43 of 1st period - Tomas Kundratek is hit by Simon Despres and loses puck.
4:50 of 1st period - Gord Baldwin is hit by Jimmy Hayes and loses puck.
5:53 of 1st period - Wrist shot by Tomas Kundratek.
5:53 of 1st period - Deflect By Scott Wilson.
5:53 of 1st period - Shot Blocked by Lukas Krajicek.
5:53 of 1st period - Puck is out of play.
5:54 of 1st period - Jamie Arniel wins face-off versus Cody Bass in Griffins zone.
5:54 of 1st period - Jamie Arniel is hit by Jimmy Hayes.
6:25 of 1st period - Wrist shot by Greg Mauldin.
6:25 of 1st period - Shot Blocked by Michael Matheson.
7:13 of 1st period - Snap shot by Jamie Arniel.
7:13 of 1st period - Goal by Jamie Arniel - Knights : 0 - Griffins : 1.
7:14 of 1st period - Jamie Arniel wins face-off versus Cody Bass in neutral zone.
8:26 of 1st period - Snap shot by Tom Wilson.
8:26 of 1st period - Deflect By Matt Puempel.
8:26 of 1st period - Shot Blocked by Gord Baldwin.
8:26 of 1st period - Puck is out of play.
8:27 of 1st period - Jamie Arniel wins face-off versus Brendan Gaunce in Griffins zone.
8:36 of 1st period - Snap shot by Pontus Aberg.
8:36 of 1st period - Shot Misses the Net.
8:40 of 1st period - Snap shot by Jamie Arniel.
8:40 of 1st period - Goal by Jamie Arniel - Knights : 0 - Griffins : 2.
8:41 of 1st period - Michael Raffl wins face-off versus Jamie Arniel in neutral zone.
8:46 of 1st period - Snap shot by Michael Raffl.
8:46 of 1st period - Shot Blocked by Gord Baldwin.
8:48 of 1st period - Snap shot by Cody Bass.
8:48 of 1st period - Shot Misses the Net.
8:50 of 1st period - Snap shot by Jared Spurgeon.
8:50 of 1st period - Shot Misses the Net.
8:52 of 1st period - Snap shot by Cody Bass.
8:52 of 1st period - Stopped by Jason Missiaen with a rebound.
9:06 of 1st period - Greg Mauldin is hit by Kevin Hayes and loses puck.
9:21 of 1st period - Minor Penalty to Kevin Hayes for Hooking.
9:22 of 1st period - Michael Raffl wins face-off versus Jamie Arniel in Knights zone.
11:21 of 1st period - Penalty to Kevin Hayes is over, Kevin Hayes is back on ice.
11:46 of 1st period - Simon Despres is hit by Linden Vey and loses puck.
12:41 of 1st period - Greg Mauldin is hit by Kevin Hayes and loses puck.
14:14 of 1st period - Gord Baldwin is hit by Tomas Kundratek and loses puck.
14:34 of 1st period - Devin Shore is hit by Scott Wilson and loses puck.
15:20 of 1st period - Petter Granberg is hit by Jared Spurgeon and loses puck.
15:48 of 1st period - Nathan Oystrick is hit by Cody Bass and loses puck.
16:01 of 1st period - Wrist shot by Jamie Arniel.
16:01 of 1st period - Deflect By Petr Pohl.
16:01 of 1st period - Shot Misses the Net.
16:01 of 1st period - Puck is out of play.
16:02 of 1st period - Jamie Arniel wins face-off versus Brendan Gaunce in Knights zone.
16:11 of 1st period - Wrist shot by Jamie Arniel.
16:11 of 1st period - Stopped by Ben Scrivens without a rebound.
16:12 of 1st period - Devin Shore wins face-off versus Cody Bass in Knights zone.
16:13 of 1st period - Wrist shot by Tye McGinn.
16:13 of 1st period - Shot Misses the Net.
16:25 of 1st period - Slapshot by Michael Raffl.
16:25 of 1st period - Shot Misses the Net.
16:27 of 1st period - Snap shot by Cody Bass.
16:27 of 1st period - Stopped by Jason Missiaen with a rebound.
16:57 of 1st period - Snap shot by Robert Dome.
16:57 of 1st period - Shot Blocked by Jared Spurgeon.
18:04 of 1st period - Slapshot by Kevin Hayes.
18:04 of 1st period - Stopped by Jason Missiaen without a rebound.
18:05 of 1st period - Noel Acciari wins face-off versus Jamie Arniel in Griffins zone.
18:38 of 1st period - Snap shot by Petr Pohl.
18:38 of 1st period - Shot Misses the Net.
18:40 of 1st period - Snap shot by Petr Pohl.
18:40 of 1st period - Deflect By Jamie Arniel.
18:40 of 1st period - Goal by Jamie Arniel - Knights : 0 - Griffins : 3.
18:41 of 1st period - Greg Mauldin wins face-off versus Cody Bass in neutral zone.
19:08 of 1st period - Icing by Jamie Arniel.
19:09 of 1st period - Jamie Arniel wins face-off versus Noel Acciari in Griffins zone.
19:26 of 1st period - Snap shot by Jamie Arniel.
19:26 of 1st period - Stopped by Ben Scrivens with a rebound.
19:28 of 1st period - Snap shot by Petr Pohl.
19:28 of 1st period - Stopped by Ben Scrivens with a rebound.
19:36 of 1st period - Backhand shot by Petr Pohl.
19:36 of 1st period - Stopped by Ben Scrivens without a rebound.
19:37 of 1st period - Devin Shore wins face-off versus Cody Bass in Knights zone.
19:40 of 1st period - Wrist shot by Tye McGinn.
19:40 of 1st period - Stopped by Ben Scrivens with a rebound.
19:42 of 1st period - Slapshot by Lukas Krajicek.
19:42 of 1st period - Shot Misses the Net.
19:48 of 1st period - Wrist shot by J.T. Brown.
19:48 of 1st period - Shot Misses the Net.
19:50 of 1st period - Slapshot by Lukas Krajicek.
19:50 of 1st period - Shot Blocked by Jared Spurgeon.
19:52 of 1st period - Wrist shot by Devin Shore.
19:52 of 1st period - Shot Misses the Net.
19:58 of 1st period - Minor Penalty to Jimmy Hayes for Tripping.
19:59 of 1st period - Michael Raffl wins face-off versus Jamie Arniel in Knights zone.
19:59 of 1st period - Michael Raffl is hit by Robert Dome.
Goals for this period are 0 for Knights vs 3 for Griffins.
Shots for this period are 4 for Knights vs 13 for Griffins.
2nd period
0:01 of 2nd period - Jamie Arniel wins face-off versus Michael Raffl in neutral zone.
0:12 of 2nd period - Slapshot by Jamie Arniel.
0:12 of 2nd period - Shot Misses the Net.
0:28 of 2nd period - Snap shot by Tye McGinn.
0:28 of 2nd period - Shot Blocked by Jared Spurgeon.
0:34 of 2nd period - Backhand shot by Tye McGinn.
0:34 of 2nd period - Deflect By Ben Hanowski.
0:34 of 2nd period - Stopped by Ben Scrivens with a rebound.
0:36 of 2nd period - Backhand shot by Lukas Krajicek.
0:36 of 2nd period - Deflect By Jared Spurgeon.
0:36 of 2nd period - Goal by Lukas Krajicek - Knights : 0 - Griffins : 4.
0:36 of 2nd period - Magnus Hellberg enters game.
0:37 of 2nd period - Cody Bass wins face-off versus Jamie Arniel in neutral zone.
1:04 of 2nd period - Greg Mauldin is hit by Scott Wilson and loses puck.
1:25 of 2nd period - Wrist shot by Jordan Martinook.
1:25 of 2nd period - Shot Blocked by Gord Baldwin.
1:27 of 2nd period - Slapshot by Zach Trotman.
1:27 of 2nd period - Stopped by Jason Missiaen with a rebound.
1:29 of 2nd period - Slapshot by Jacob Trouba.
1:29 of 2nd period - Stopped by Jason Missiaen without a rebound.
1:30 of 2nd period - Jamie Arniel wins face-off versus Cody Bass in Griffins zone.
1:40 of 2nd period - Jimmy Hayes beats up Jamie Arniel.
1:40 of 2nd period - Penalty to Jamie Arniel for Fighting.
1:40 of 2nd period - Penalty to Jimmy Hayes for Fighting.
1:41 of 2nd period - Michael Raffl wins face-off versus Devin Shore in Knights zone.
1:56 of 2nd period - Slapshot by Lukas Krajicek.
1:56 of 2nd period - Stopped by Magnus Hellberg without a rebound.
1:57 of 2nd period - Greg Mauldin wins face-off versus Stefan Matteau in Knights zone.
2:12 of 2nd period - Snap shot by Ben Hanowski.
2:12 of 2nd period - Shot Misses the Net.
2:28 of 2nd period - Wrist shot by Michael Raffl.
2:28 of 2nd period - Stopped by Jason Missiaen with a rebound.
2:30 of 2nd period - Slapshot by Cody Bass.
2:30 of 2nd period - Deflect By Pontus Aberg.
2:30 of 2nd period - Stopped by Jason Missiaen with a rebound.
2:32 of 2nd period - Slapshot by Tomas Kundratek.
2:32 of 2nd period - Deflect By Cody Bass.
2:32 of 2nd period - Shot Misses the Net.
2:32 of 2nd period - Puck is out of play.
2:33 of 2nd period - Greg Mauldin wins face-off versus Noel Acciari in Griffins zone.
2:44 of 2nd period - Wrist shot by Kevin Hayes.
2:44 of 2nd period - Shot Misses the Net.
2:46 of 2nd period - Slapshot by Noel Acciari.
2:46 of 2nd period - Stopped by Jason Missiaen without a rebound.
2:47 of 2nd period - Cody Bass wins face-off versus Devin Shore in Griffins zone.
2:48 of 2nd period - Slapshot by Tomas Kundratek.
2:48 of 2nd period - Shot Misses the Net.
2:50 of 2nd period - Snap shot by Cody Bass.
2:50 of 2nd period - Stopped by Jason Missiaen without a rebound.
2:51 of 2nd period - Devin Shore wins face-off versus Cody Bass in Griffins zone.
3:00 of 2nd period - Snap shot by Pontus Aberg.
3:00 of 2nd period - Deflect By Tomas Kundratek.
3:00 of 2nd period - Shot Blocked by Tomas Kundratek.
3:00 of 2nd period - Puck is out of play.
3:01 of 2nd period - Devin Shore wins face-off versus Cody Bass in Knights zone.
3:03 of 2nd period - Minor Penalty to Tom Wilson for Goalie Interference.
3:04 of 2nd period - Michael Raffl wins face-off versus Pontus Aberg in Knights zone.
3:44 of 2nd period - Wrist shot by Petr Pohl.
3:44 of 2nd period - Goal by Petr Pohl - Knights : 0 - Griffins : 5.
3:45 of 2nd period - Devin Shore wins face-off versus Cody Bass in neutral zone.
4:00 of 2nd period - Slapshot by Cody Bass.
4:00 of 2nd period - Shot Misses the Net.
4:19 of 2nd period - Snap shot by Kevin Hayes.
4:19 of 2nd period - Shot Misses the Net.
4:37 of 2nd period - Gord Baldwin is hit by Linden Vey and loses puck.
5:00 of 2nd period - Snap shot by Tye McGinn.
5:00 of 2nd period - Deflect By J.T. Brown.
5:00 of 2nd period - Shot Blocked by Jacob Trouba.
5:00 of 2nd period - Puck is out of play.
5:01 of 2nd period - Devin Shore wins face-off versus Tom Wilson in Knights zone.
5:04 of 2nd period - Snap shot by Pontus Aberg.
5:04 of 2nd period - Stopped by Magnus Hellberg without a rebound.
5:05 of 2nd period - Cody Bass wins face-off versus Devin Shore in Knights zone.
5:30 of 2nd period - Slapshot by Tomas Kundratek.
5:30 of 2nd period - Stopped by Jason Missiaen without a rebound.
5:31 of 2nd period - Greg Mauldin wins face-off versus Noel Acciari in Griffins zone.
5:46 of 2nd period - Wrist shot by Greg Mauldin.
5:46 of 2nd period - Goal by Greg Mauldin - Knights : 0 - Griffins : 6.
5:47 of 2nd period - Devin Shore wins face-off versus Cody Bass in neutral zone.
5:49 of 2nd period - Off-side.
5:50 of 2nd period - Devin Shore wins face-off versus Cody Bass in neutral zone.
6:09 of 2nd period - Michael Raffl is hit by Devin Shore and loses puck.
6:30 of 2nd period - Wrist shot by Michael Raffl.
6:30 of 2nd period - Shot Misses the Net.
6:32 of 2nd period - Slapshot by Michael Matheson.
6:32 of 2nd period - Deflect By Cody Bass.
6:32 of 2nd period - Shot Blocked by Petr Pohl.
6:32 of 2nd period - Puck is out of play.
6:33 of 2nd period - Noel Acciari wins face-off versus Greg Mauldin in Griffins zone.
6:36 of 2nd period - Slapshot by Noel Acciari.
6:36 of 2nd period - Shot Misses the Net.
7:00 of 2nd period - Jared Spurgeon is hit by Lucas Lessio and loses puck.
7:15 of 2nd period - Minor Penalty to Tomas Kundratek for Tripping.
7:16 of 2nd period - Jamie Arniel wins face-off versus Michael Raffl in Knights zone.
7:51 of 2nd period - Wrist shot by Tye McGinn.
7:51 of 2nd period - Shot Misses the Net.
9:15 of 2nd period - Penalty to Tomas Kundratek is over, Tomas Kundratek is back on ice.
9:32 of 2nd period - Snap shot by Stefan Matteau.
9:32 of 2nd period - Stopped by Jason Missiaen with a rebound.
10:15 of 2nd period - Wrist shot by Mike Duco.
10:15 of 2nd period - Stopped by Magnus Hellberg without a rebound.
10:16 of 2nd period - Jamie Arniel wins face-off versus Cody Bass in Knights zone.
10:31 of 2nd period - Wrist shot by Petr Pohl.
10:31 of 2nd period - Stopped by Magnus Hellberg without a rebound.
10:32 of 2nd period - Stefan Matteau wins face-off versus Devin Shore in Knights zone.
10:45 of 2nd period - Wrist shot by Linden Vey.
10:45 of 2nd period - Shot Blocked by Simon Despres.
10:47 of 2nd period - Snap shot by Jared Spurgeon.
10:47 of 2nd period - Stopped by Jason Missiaen with a rebound.
10:57 of 2nd period - Simon Despres is hit by Michael Raffl and loses puck.
11:13 of 2nd period - Minor Penalty to Simon Despres for Tripping.
11:14 of 2nd period - Cody Bass wins face-off versus Jamie Arniel in Griffins zone.
11:26 of 2nd period - Snap shot by Petr Pohl.
11:26 of 2nd period - Goal by Petr Pohl - Knights : 0 - Griffins : 7.
11:27 of 2nd period - Jimmy Hayes wins face-off versus Jamie Arniel in neutral zone.
11:56 of 2nd period - Snap shot by Scott Wilson.
11:56 of 2nd period - Stopped by Jason Missiaen without a rebound.
11:57 of 2nd period - Cody Bass wins face-off versus Jamie Arniel in Griffins zone.
12:00 of 2nd period - Wrist shot by Cody Bass.
12:00 of 2nd period - Shot Misses the Net.
12:02 of 2nd period - Slapshot by Jaccob Slavin.
12:02 of 2nd period - Deflect By Jimmy Hayes.
12:02 of 2nd period - Shot Blocked by Nathan Oystrick.
12:02 of 2nd period - Puck is out of play.
12:03 of 2nd period - Jamie Arniel wins face-off versus Cody Bass in Griffins zone.
12:08 of 2nd period - Wrist shot by Jimmy Hayes.
12:08 of 2nd period - Shot Misses the Net.
12:10 of 2nd period - Slapshot by Jaccob Slavin.
12:10 of 2nd period - Deflect By Nathan Oystrick.
12:10 of 2nd period - Stopped by Jason Missiaen without a rebound.
12:11 of 2nd period - Jimmy Hayes wins face-off versus Jamie Arniel in Griffins zone.
12:12 of 2nd period - Slapshot by Cody Bass.
12:12 of 2nd period - Shot Misses the Net.
13:13 of 2nd period - Penalty to Simon Despres is over, Simon Despres is back on ice.
13:27 of 2nd period - Slapshot by Jaccob Slavin.
13:27 of 2nd period - Stopped by Jason Missiaen with a rebound.
13:29 of 2nd period - Wrist shot by Linden Vey.
13:29 of 2nd period - Stopped by Jason Missiaen with a rebound.
13:31 of 2nd period - Snap shot by Linden Vey.
13:31 of 2nd period - Shot Blocked by Oscar Klefbom.
14:11 of 2nd period - Icing by Cody Bass.
14:12 of 2nd period - Cody Bass wins face-off versus Jamie Arniel in Knights zone.
14:12 of 2nd period - Cody Bass is hit by Petr Pohl.
14:20 of 2nd period - Wrist shot by Jimmy Hayes.
14:20 of 2nd period - Shot Misses the Net.
14:22 of 2nd period - Wrist shot by Jimmy Hayes.
14:22 of 2nd period - Shot Blocked by Pontus Aberg.
14:24 of 2nd period - Slapshot by Zach Trotman.
14:24 of 2nd period - Deflect By Jamie Arniel.
14:24 of 2nd period - Stopped by Jason Missiaen without a rebound.
14:25 of 2nd period - Cody Bass wins face-off versus Petr Pohl in Griffins zone.
14:28 of 2nd period - Slapshot by Cody Bass.
14:28 of 2nd period - Stopped by Jason Missiaen with a rebound.
14:30 of 2nd period - Wrist shot by Jimmy Hayes.
14:30 of 2nd period - Shot Misses the Net.
14:32 of 2nd period - Snap shot by Cody Bass.
14:32 of 2nd period - Shot Misses the Net.
14:38 of 2nd period - Snap shot by Jimmy Hayes.
14:38 of 2nd period - Stopped by Jason Missiaen without a rebound.
14:39 of 2nd period - Devin Shore wins face-off versus Jimmy Hayes in Griffins zone.
14:50 of 2nd period - Wrist shot by J.T. Brown.
14:50 of 2nd period - Stopped by Magnus Hellberg with a rebound.
15:34 of 2nd period - Slapshot by Nathan Oystrick.
15:34 of 2nd period - Shot Misses the Net.
15:48 of 2nd period - Snap shot by Tye McGinn.
15:48 of 2nd period - Goal by Tye McGinn - Knights : 0 - Griffins : 8.
15:48 of 2nd period - Ben Scrivens enters game.
15:49 of 2nd period - Jamie Arniel wins face-off versus Cody Bass in neutral zone.
16:39 of 2nd period - Scott Wilson is hit by Simon Despres and loses puck.
17:01 of 2nd period - Gord Baldwin is hit by Tom Wilson and loses puck.
17:31 of 2nd period - Off-side.
17:32 of 2nd period - J.T. Brown wins face-off versus Stefan Matteau in neutral zone.
18:23 of 2nd period - Off-side.
18:24 of 2nd period - Pontus Aberg wins face-off versus Noel Acciari in neutral zone.
18:30 of 2nd period - Icing by Jared Spurgeon.
18:31 of 2nd period - Noel Acciari wins face-off versus Jamie Arniel in Knights zone.
18:31 of 2nd period - Noel Acciari is hit by Jamie Arniel.
18:36 of 2nd period - Minor Penalty to Pontus Aberg for Tripping.
18:37 of 2nd period - Cody Bass wins face-off versus Petr Pohl in Griffins zone.
18:39 of 2nd period - Slapshot by Jimmy Hayes.
18:39 of 2nd period - Stopped by Jason Missiaen with a rebound.
19:13 of 2nd period - Slapshot by Kevin Hayes.
19:13 of 2nd period - Goal by Kevin Hayes - Knights : 1 - Griffins : 8.
19:14 of 2nd period - Cody Bass wins face-off versus Jamie Arniel in neutral zone.
19:18 of 2nd period - Off-side.
19:19 of 2nd period - Jamie Arniel wins face-off versus Michael Raffl in neutral zone.
19:27 of 2nd period - Wrist shot by Jimmy Hayes.
19:27 of 2nd period - Goal by Jimmy Hayes - Knights : 2 - Griffins : 8.
19:28 of 2nd period - Cody Bass wins face-off versus Jamie Arniel in neutral zone.
19:54 of 2nd period - Devin Shore is hit by Scott Wilson and loses puck.
Goals for this period are 2 for Knights vs 5 for Griffins.
Shots for this period are 19 for Knights vs 11 for Griffins.
3rd period
0:01 of 3rd period - Jamie Arniel wins face-off versus Cody Bass in neutral zone.
0:31 of 3rd period - Backhand shot by Noel Acciari.
0:31 of 3rd period - Stopped by Jason Missiaen with a rebound.
0:47 of 3rd period - Slapshot by Jordan Martinook.
0:47 of 3rd period - Stopped by Jason Missiaen with a rebound.
1:09 of 3rd period - Snap shot by Vladislav Namestnikov.
1:09 of 3rd period - Stopped by Ben Scrivens without a rebound.
1:10 of 3rd period - Cody Bass wins face-off versus Vladislav Namestnikov in Knights zone.
1:55 of 3rd period - Snap shot by Brendan Gaunce.
1:55 of 3rd period - Stopped by Jason Missiaen with a rebound.
2:37 of 3rd period - Ben Hanowski is hit by Michael Raffl.
3:31 of 3rd period - Slapshot by Tom Wilson.
3:31 of 3rd period - Deflect By Brendan Gaunce.
3:31 of 3rd period - Stopped by Jason Missiaen with a rebound.
3:47 of 3rd period - Snap shot by Ben Hanowski.
3:47 of 3rd period - Stopped by Ben Scrivens without a rebound.
3:48 of 3rd period - Stefan Matteau wins face-off versus Devin Shore in Knights zone.
3:52 of 3rd period - Stefan Matteau beats up Tye McGinn.
3:52 of 3rd period - Penalty to Tye McGinn for Fighting.
3:52 of 3rd period - Penalty to Stefan Matteau for Fighting.
3:52 of 3rd period - Penalty to Stefan Matteau for instigated a fight.
3:52 of 3rd period - Penalty to Stefan Matteau for instigated a fight.
3:53 of 3rd period - Michael Raffl wins face-off versus Jamie Arniel in neutral zone.
4:30 of 3rd period - Cody Bass is hit by Lukas Krajicek and loses puck.
4:41 of 3rd period - Snap shot by Ben Hanowski.
4:41 of 3rd period - Shot Misses the Net.
5:52 of 3rd period - Penalty to Stefan Matteau is over, Linden Vey is send on ice.
5:52 of 3rd period - Scott Wilson is hit by Petr Pohl and loses puck.
5:57 of 3rd period - Wrist shot by Petr Pohl.
5:57 of 3rd period - Shot Misses the Net.
5:59 of 3rd period - Wrist shot by Jamie Arniel.
5:59 of 3rd period - Shot Misses the Net.
6:01 of 3rd period - Slapshot by Petter Granberg.
6:01 of 3rd period - Stopped by Ben Scrivens without a rebound.
6:02 of 3rd period - Devin Shore wins face-off versus Tom Wilson in Knights zone.
6:55 of 3rd period - Slapshot by Tomas Kundratek.
6:55 of 3rd period - Deflect By Nathan Oystrick.
6:55 of 3rd period - Stopped by Jason Missiaen without a rebound.
6:56 of 3rd period - J.T. Brown wins face-off versus Tom Wilson in Griffins zone.
7:19 of 3rd period - Minor Penalty to Robert Dome for Hooking.
7:20 of 3rd period - Cody Bass wins face-off versus Jamie Arniel in Griffins zone.
8:52 of 3rd period - Penalty to Tye McGinn is over, Tye McGinn is back on ice.
9:19 of 3rd period - Penalty to Robert Dome is over, Robert Dome is back on ice.
9:52 of 3rd period - Linden Vey is hit by Lukas Krajicek and loses puck.
10:40 of 3rd period - Wrist shot by Mike Duco.
10:40 of 3rd period - Shot Misses the Net.
11:22 of 3rd period - Snap shot by J.T. Brown.
11:22 of 3rd period - Stopped by Ben Scrivens with a rebound.
12:00 of 3rd period - Collin Miller is hit by Simon Despres and loses puck.
12:32 of 3rd period - Snap shot by Brendan Gaunce.
12:32 of 3rd period - Stopped by Jason Missiaen with a rebound.
12:34 of 3rd period - Slapshot by Tomas Kundratek.
12:34 of 3rd period - Shot Blocked by Simon Despres.
12:36 of 3rd period - Wrist shot by Jared Spurgeon.
12:36 of 3rd period - Stopped by Jason Missiaen without a rebound.
12:37 of 3rd period - Jamie Arniel wins face-off versus Cody Bass in Griffins zone.
12:39 of 3rd period - Icing by Oscar Klefbom.
12:40 of 3rd period - Jamie Arniel wins face-off versus Cody Bass in Griffins zone.
12:53 of 3rd period - Snap shot by Petr Pohl.
12:53 of 3rd period - Stopped by Ben Scrivens with a rebound.
13:13 of 3rd period - Snap shot by Robert Dome.
13:13 of 3rd period - Shot Misses the Net.
13:15 of 3rd period - Wrist shot by Ben Hanowski.
13:15 of 3rd period - Goal by Ben Hanowski - Knights : 2 - Griffins : 9.
13:16 of 3rd period - Cody Bass wins face-off versus Jamie Arniel in neutral zone.
13:20 of 3rd period - Snap shot by Michael Raffl.
13:20 of 3rd period - Deflect By Cody Bass.
13:20 of 3rd period - Shot Misses the Net.
13:20 of 3rd period - Puck is out of play.
13:21 of 3rd period - Michael Raffl wins face-off versus Jamie Arniel in Griffins zone.
13:36 of 3rd period - Snap shot by Michael Raffl.
13:36 of 3rd period - Shot Blocked by Oscar Klefbom.
14:16 of 3rd period - Slapshot by Greg Mauldin.
14:16 of 3rd period - Shot Misses the Net.
14:18 of 3rd period - Snap shot by Robert Dome.
14:18 of 3rd period - Stopped by Ben Scrivens without a rebound.
14:19 of 3rd period - Cody Bass wins face-off versus Devin Shore in Knights zone.
14:55 of 3rd period - Noel Acciari is hit by Ben Hanowski and loses puck.
15:09 of 3rd period - Icing by Petter Granberg.
15:10 of 3rd period - Tom Wilson wins face-off versus Vladislav Namestnikov in Griffins zone.
16:38 of 3rd period - Wrist shot by Mike Duco.
16:38 of 3rd period - Shot Blocked by Jordan Martinook.
17:06 of 3rd period - Minor Penalty to Vladislav Namestnikov for Tripping.
17:07 of 3rd period - Jamie Arniel wins face-off versus Cody Bass in Griffins zone.
17:17 of 3rd period - Wrist shot by Petr Pohl.
17:17 of 3rd period - Stopped by Ben Scrivens without a rebound.
17:18 of 3rd period - Cody Bass wins face-off versus Jamie Arniel in Knights zone.
18:27 of 3rd period - Tomas Kundratek is hit by Tye McGinn and loses puck.
18:52 of 3rd period - 10 Minutes Misconduct Penalty to Stefan Matteau is over.
19:06 of 3rd period - Penalty to Vladislav Namestnikov is over, Vladislav Namestnikov is back on ice.
Goals for this period are 0 for Knights vs 1 for Griffins.
Shots for this period are 7 for Knights vs 8 for Griffins.
Back to the Top